 Dungeon Crawl Stone Soup version 0.18.1-1-g2f07953 (webtiles) character file.

1496 epen the Schismatic (level 8, -4/61 HPs)
             Began as a Demonspawn Abyssal Knight on May 7, 2016.
             Was an Elder of Lugonu.
             Killed from afar by Dowan (9 damage)
             ... with a wand of flame
             ... on level 5 of the Dungeon.
             The game lasted 00:15:27 (8553 turns).

epen the Schismatic (Demonspawn Abyssal Knight)     Turns: 8553, Time: 00:15:28

Health: -4/61      AC: 13    Str: 15    XL:     8   Next: 51%
Magic:  14/14      EV: 16    Int: 14    God:    Lugonu [****..]
Gold:   301        SH:  0    Dex: 17    Spells: 0 memorised, 7 levels left

rFire  . . .     SeeInvis .     u - +4 dagger
rCold  . . .     Gourm    .     s - +0 scale mail
rNeg   . . .     Faith    .     (no shield)
rPois  .         Spirit   .     r - +0 helmet
rElec  .         Dismiss  .     y - +1 cloak
rCorr  .         Reflect  .     (no gloves)
SustAt .         Harm     .     n - +0 pair of boots
MR     .....                    (no amulet)
Stlth  +.........               (no ring)
                                v - ring of wizardry

@: agile, lethally poisoned (-4 -> -7), very slightly contaminated, not
resistant to hostile enchantments, very unstealthy
A: claws 2, thin metallic scales 1, demonic guardian 1
a: Depart the Abyss, Bend Space, Banish, Corrupt, Renounce Religion


You were on level 5 of the Dungeon.
You worshipped Lugonu.
Lugonu was greatly pleased with you.
You were not hungry.

You visited 1 branch of the dungeon, and saw 5 of its levels.
You visited the Abyss 1 time.

You collected 301 gold pieces.

Inventory:

Hand Weapons
 a - a +1 short sword
 u - a +4 dagger (weapon)
Armour
 b - a +0 leather armour
 n - a +0 pair of boots (worn)
 r - a +0 helmet (worn)
 s - a +0 scale mail (worn)
 w - a +0 chain mail
 y - a +1 cloak (worn)
Jewellery
 v - a ring of wizardry (left claw)
Wands
 f - a wand of digging (11/24)
Scrolls
 e - 7 scrolls of remove curse
 g - a scroll of enchant armour
 h - a scroll of recharging
 o - a scroll of random uselessness
 p - a scroll of magic mapping {unknown}
Potions
 j - a potion of curing {unknown}
 l - 2 potions of might
 q - a potion of brilliance {unknown}
 A - a potion of cancellation
Books
 x - a book of Flames

   Spells                             Type                      Level
   a - Flame Tongue                   Conjuration/Fire             1
   b - Throw Flame                    Conjuration/Fire             2
   c - Conjure Flame                  Conjuration/Fire             3
   d - Inner Flame                    Hexes/Fire                   3
   e - Sticky Flame                   Conjuration/Fire             4
   f - Fireball                       Conjuration/Fire             5
Comestibles
 c - 6 bread rations
 d - 2 slices of pizza
 i - 2 chunks of flesh
 t - a beef jerky
 z - 3 fruits


   Skills:
 + Level 4.7 Fighting
 * Level 5.7 Short Blades
 + Level 3.8 Armour
 + Level 3.3 Dodging
 * Level 8.1 Invocations


You had 7 spell levels left.
You didn't know any spells.

Dungeon Overview and Level Annotations

Branches:
Dungeon (5/15)
 Temple: D:4-7

Altars:
Ashenzari
Cheibriados
Elyvilon
Fedhas
Nemelex Xobeh
Pakellas
Xom
Zin
The Shining One
Beogh

Annotations:
D:5 Dowan


Innate Abilities, Weirdness & Mutations

You have very sharp fingernails.
You are partially covered in thin metallic scales (AC +2).
A weak demonic guardian rushes to your aid.


Message History

* * * LOW HITPOINT WARNING * * *
Items here: ) [ †† a dagger; a robe; a worker ant corpse; an orc corpse Read which item? (? for menu, Esc to quit)
Blink to where?
Press: ? - help, Dir - move target cursor You are very lightly contaminated with residual magic.
As you read the scroll of blinking, it crumbles to dust.
You feel sick.
You feel sick.
Things that are here:
a flail; an orc corpse You feel sick.
You feel sick.
You feel sick.
Found a scroll of enchant weapon.
You see here a robe.
You feel sick.
You feel sick.
Dowan zaps a wand.
The puff of flame hits you!
You die...

##########################..
.............)...e.)5.)....>
##.########.##############..
.#[# #)# .#.# ###.##### .#.#
#...e...# .#.## ##.......#
....#.........[.######
....#...........@....#
....#................#
....#...)....#......?#
....#######.########## ....#
#. ....# #. ..### ..# ..#


You could see Dowan.

Vanquished Creatures
  A troll (D:5)
  Duvessa (D:5)
  A giant frog (D:4)
  A howler monkey (D:5)
  A crimson imp (D:3)
  5 orc priests
  Crazy Yiuf (D:4)
  A hound (D:5)
  5 orc wizards
  2 iguanas (D:4)
  Natasha (twice) (D:3)
  Ijyb (D:3)
  4 worker ants
  7 gnolls
  8 adders
  A river rat (D:3)
  2 oozes (D:1)
  5 worms
  3 dart slugs
  3 giant geckos
  17 orcs
  3 giant cockroaches
  3 goblins (D:2)
  9 hobgoblins
  12 jackals
  2 quokkas (D:3)
  4 ball pythons
  6 bats
  8 giant newts
  9 kobolds
  A quokka skeleton (D:4)
  7 rats
136 creatures vanquished.

Vanquished Creatures (collateral kills)
  2 ogres
  A howler monkey (D:4)
  3 orc priests (D:4)
  2 orc wizards (D:4)
  Natasha (D:3)
  A hound skeleton (D:4)
  A gnoll (D:3)
  An adder (D:4)
  6 orcs
18 creatures vanquished.

Vanquished Creatures (others)
  An orc wizard (D:5)
1 creature vanquished.

Grand Total: 155 creatures vanquished

Notes
Turn   | Place    | Note
--------------------------------------------------------------
     0 | Abyss:1  | epen the Demonspawn Abyssal Knight began the quest for the Orb.
     0 | Abyss:1  | Reached XP level 1. HP: 18/18 MP: 2/2
     7 | D:1      | Escaped the Abyss
   106 | D:1      | Reached skill level 1 in Dodging
   112 | D:1      | Reached skill level 3 in Invocations
   112 | D:1      | Gained mutation: A weak demonic guardian rushes to your aid. [demonic ancestry]
   112 | D:1      | Reached XP level 2. HP: 23/24 MP: 2/4
   414 | D:1      | Reached ** piety under Lugonu
   539 | D:1      | Gained mutation: You are partially covered in thin metallic scales (AC +2). [demonic ancestry]
   539 | D:1      | Reached XP level 3. HP: 29/29 MP: 5/5
  1145 | D:2      | Found a shimmering altar of Xom.
  1766 | D:2      | Reached XP level 4. HP: 35/35 MP: 6/6
  1882 | D:2      | Found an oddly glowing altar of Pakellas.
  1883 | D:2      | Found a glowing golden altar of the Shining One.
  1884 | D:2      | Found a white marble altar of Elyvilon.
  1884 | D:2      | Found a shattered altar of Ashenzari.
  1884 | D:2      | Found a blossoming altar of Fedhas.
  1884 | D:2      | Found a glowing silver altar of Zin.
  1885 | D:2      | Found a snail-covered altar of Cheibriados.
  1887 | D:2      | Found a sparkling altar of Nemelex Xobeh.
  2089 | D:3      | Noticed Natasha
  2096 | D:3      | Killed Natasha
  2096 | D:3      | Reached skill level 4 in Invocations
  2161 | D:3      | Reached *** piety under Lugonu
  2205 | D:3      | Reached XP level 5. HP: 3/41 MP: 8/8
  2579 | D:3      | Noticed Natasha
  2595 | D:3      | Killed Natasha
  2684 | D:3      | Noticed Ijyb
  2708 | D:3      | Killed Ijyb
  3081 | D:3      | Reached skill level 5 in Invocations
  3081 | D:3      | Gained mutation: You have sharp fingernails. [demonic ancestry]
  3081 | D:3      | Reached XP level 6. HP: 22/47 MP: 9/9
  3548 | D:3      | Noticed Natasha
  3562 | D:3      | Killed Natasha
  4660 | D:4      | Reached skill level 6 in Invocations
  4802 | D:4      | Reached XP level 7. HP: 27/53 MP: 11/11
  4975 | D:3      | Reached **** piety under Lugonu
  5322 | D:4      | Noticed Crazy Yiuf
  5342 | D:4      | Killed Crazy Yiuf
  6897 | D:4      | Found a roughly hewn altar of Beogh.
  7053 | D:4      | Reached skill level 7 in Invocations
  7586 | D:4      | Reached skill level 5 in Short Blades
  7764 | D:4      | Gained mutation: You have very sharp fingernails. [demonic ancestry]
  7764 | D:4      | Reached XP level 8. HP: 41/60 MP: 13/13
  8028 | D:5      | Entered Level 5 of the Dungeon
  8105 | D:5      | Noticed a troll
  8149 | D:5      | Killed a troll
  8496 | D:5      | Noticed Duvessa
  8502 | D:5      | Noticed Dowan
  8538 | D:5      | Killed Duvessa
  8538 | D:5      | Reached skill level 8 in Invocations
  8553 | D:5      | Killed from afar by Dowan

Skill      XL: |  1  2  3  4  5  6  7  8 |
---------------+-------------------------+-----
Dodging        | 1 2 3 |  3.3
Short Blades   | 2 3 4 5 |  5.7
Invocations    | 3 4 5 6 7 8 |  8.1
Armour         | 2 3 |  3.8
Fighting       | 4 |  4.7

Action                   |  1- 3 |  4- 6 |  7- 9 || total
-------------------------+-------+-------+-------++-------
Melee: Short sword       |   145 |   352 |   342 ||   839
       Dagger            |       |       |   110 ||   110
  Use: Potion            |       |     1 |     1 ||     2
       Scroll            |       |       |    14 ||    14
 Stab: Distracted        |       |     2 |     1 ||     3
  Eat: Chunk             |     3 |    10 |     6 ||    19
       Bread ration      |       |       |     1 ||     1
       Beef jerky        |       |       |     1 ||     1
Armor: Leather armour    |    59 |    91 |       ||   150
       Scale mail        |       |    26 |   216 ||   242
Dodge: Dodged            |    86 |   169 |   186 ||   441
